 Dungeon Crawl Stone Soup version 0.16-a0-3933-g06ce5c0 (webtiles) character file.

1267 timbw the Cleaver (level 8, -8/60 HPs)
             Began as a Human Berserker on Feb 5, 2015.
             Was a Priest of Trog.
             Splashed by a brown ugly thing's acid (10 damage)
             ... summoned by a shadow trap
             ... triggered by the player character
             ... on level 12 of the Dungeon.
             The game lasted 00:09:49 (1713 turns).

timbw the Cleaver (Human Berserker)                 Turns: 1713, Time: 00:09:49

Health: -8/60      AC: 10    Str: 23      XL:     8   Next: 82%
Magic:  8/8        EV:  8    Int:  8      God:    Trog [***...]
Gold:   130        SH:  0    Dex:  6 (12) Spells: 0 memorised, 7 levels left

rFire  . . .     SeeInvis .     h - +0 war axe
rCold  . . .     Clarity  .     o - +0 chain mail (curse)
rNeg   . . .     SustAb   .     (no shield)
rPois  .         Gourm    .     (no helmet)
rElec  .         Spirit   .     (no cloak)
rCorr  .         Warding  .     e - +0 pair of gloves
rMut   .         Stasis   .     (no boots)
MR     .....                    (no amulet)
Stlth  ..........               (no ring)
                                n - +3 ring of strength

@: not resistant to hostile enchantments, extremely unstealthy
A: no striking features
a: Burn Spellbooks, Berserk, Trog's Hand, Renounce Religion


You were on level 12 of the Dungeon.
You worshipped Trog.
Trog was most pleased with you.
You were not hungry.

You visited 1 branch of the dungeon, and saw 10 of its levels.

You collected 130 gold pieces.

Inventory:

Hand weapons
 a - a +0 hand axe
 h - a +0 war axe (weapon)
Missiles
 u - 4 javelins of returning (quivered)
Armour
 b - a +0 animal skin
 e - a +0 pair of gloves (worn)
 l - a +0 ring mail
 o - a cursed +0 chain mail (worn)
Jewellery
 n - a +3 ring of strength (left hand)
Magical devices
 s - a wand of magic darts (30)
Scrolls
 d - a scroll of recharging
 p - a scroll of vulnerability
 r - a scroll of enchant armour
Potions
 g - a potion of heal wounds {unknown}
 k - a potion of might {unknown}
 m - a potion of brilliance {unknown}
 q - a potion of cure mutation {unknown}
 t - 5 potions of poison {unknown}
Comestibles
 c - 6 bread rations
 j - 3 meat rations


   Skills:
 + Level 4.0 Fighting
 * Level 9.7 Axes
 + Level 3.4 Armour
 - Level 2.0 Dodging


You had 7 spell levels left.
You didn't know any spells.

Dungeon Overview and Level Annotations

Branches:
Dungeon (12/15)
 Temple: D:4-7         Lair: D:8-11         Orc: D:9-12

Altars:
Makhleb
Okawaru
Qazlal


Message History

You kill the shadow imp!
Trog accepts your kill.
No target in view!
No target in view!
Shadows whirl around you...
There is a dormant shadow trap here.
The wyvern bites you! The brown ugly thing barely misses you.
There is an open door, spattered with blood here.
Read which item? (? for menu, Esc to quit)
Okay, then.
You hit the wyvern but do no damage. You closely miss the brown ugly thing.
The wyvern bites you!
The cyclops throws a large rock.
The large rock hits you!!
The large rock disappears in a puff of smoke!
The wyvern bites you!
* * * LOW HITPOINT WARNING * * *
The brown ugly thing tail-slaps you!
* * * LOW HITPOINT WARNING * * *
You are splashed with acid!
The acid burns!
You die...

. . ....# .# .....#
..# ......#+##..##.
.......#........
........+........#
.........#.#
.........#u##+###
.........CC^@D...+
...........#+##..##
............# .#
............# ..
............# #.
.............+
........<....#
.............#
............+


You could see a brown ugly thing, a hill giant, a cyclops and a wyvern.

Vanquished Creatures
  Eustachio (D:5)
  Edmund (D:5)
  An ice beast (D:5)
  A centaur (D:9)
  An ogre (D:9)
  A sky beast (D:5)
  A big kobold (D:8)
  3 hounds (D:4)
  4 wights (D:9)
  A quasit (D:5)
  An orc priest (D:4)
  A jelly (D:5)
  An iron imp (D:5)
  5 orc wizards
  An iguana (D:8)
  2 gnolls (D:5)
  3 river rats (D:5)
  4 shadow imps
  4 adders
  A giant mite (D:3)
  An adder skeleton (D:8)
  A giant gecko (D:4)
  16 orcs
  6 bats
  A bat zombie (D:8)
  4 goblins
  6 hobgoblins
  8 kobolds
  2 quokkas
  A ball python (D:3)
  A giant newt (D:3)
  4 jackals (D:2)
  4 rats
93 creatures vanquished.

Notes
Turn   | Place    | Note
--------------------------------------------------------------
     0 | D:1      | timbw, the Human Berserker, began the quest for the Orb.
     0 | D:1      | Reached XP level 1. HP: 18/18 MP: 1/1
    89 | D:1      | Reached XP level 2. HP: 10/24 MP: 2/2
   141 | D:2      | Reached skill level 4 in Axes
   141 | D:2      | Reached XP level 3. HP: 17/29 MP: 3/3
   397 | D:3      | Reached XP level 4. HP: 21/35 MP: 4/4
   416 | D:3      | Noticed a phantom
   447 | D:4      | Acquired Trog's second power
   541 | D:4      | Reached skill level 5 in Axes
   594 | D:4      | Reached XP level 5. HP: 38/41 MP: 5/5
   612 | D:4      | Reached skill level 6 in Axes
   618 | D:4      | Reached XP level 6. HP: 47/47 MP: 6/6
   646 | D:5      | Entered Level 5 of the Dungeon
   646 | D:5      | Noticed Edmund
   647 | D:5      | Found a stormy altar of Qazlal.
   697 | D:5      | Killed Edmund
   697 | D:5      | Reached skill level 7 in Axes
   734 | D:5      | Noticed a sky beast
   747 | D:5      | Killed a sky beast
   747 | D:5      | Reached XP level 7. HP: 36/52 MP: 7/7
   772 | D:5      | Noticed an ice beast
   784 | D:5      | Killed an ice beast
   784 | D:5      | Reached skill level 8 in Axes
   893 | D:5      | Noticed Eustachio
   989 | D:5      | Killed Eustachio
   989 | D:5      | Reached XP level 8. HP: 25/58 MP: 8/8
  1020 | D:5      | Found an iron altar of Okawaru.
  1081 | D:5      | You fall through a shaft!
  1108 | D:8      | Found a burning altar of Makhleb.
  1117 | D:8      | Reached skill level 9 in Axes
  1568 | D:10     | Entered Level 10 of the Dungeon
  1711 | D:12     | Noticed a cyclops
  1711 | D:12     | Noticed a brown ugly thing
  1711 | D:12     | Noticed a hill giant
  1713 | D:12     | HP: 2/60 [brown ugly thing[the player character] (8)]
  1713 | D:12     | Splashed by a brown ugly thing's acid

Action                   |  1- 3 |  4- 6 |  7- 9 || total
-------------------------+-------+-------+-------++-------
Melee: Hand axe          |    25 |       |       ||    25
       War axe           |    28 |    47 |   222 ||   297
Invok: Berserk           |     1 |     2 |     4 ||     7
       Trog's Hand       |       |       |     9 ||     9
  Use: Scroll            |       |       |     4 ||     4
  Eat: Chunk             |       |     3 |     5 ||     8
       Fruit             |       |       |     4 ||     4
       Beef jerky        |       |       |     1 ||     1
